 Dungeon Crawl Stone Soup version 0.30-a0-847-g17996783a1 (webtiles) character file.

Game seed: 18037058737607040204

179 FexLirch the Grave Robber (level 5, -6/35 HPs)
             Began as a Mummy Necromancer on Mar 3, 2023.
             Mangled by a phantom (7 damage)
             ... on level 4 of the Dungeon.
             The game lasted 00:06:07 (2458 turns).

FexLirch the Grave Robber (Mummy Necromancer)       Turns: 2458, Time: 00:06:08

Health: -6/35      AC:  4    Str: 11    XL:     5   Next: 32%
Magic:  12/12      EV: 11    Int: 17    God:
Gold:   174        SH:  0    Dex: 18    Spells: 1/14 levels left

rFire   x . .      SeeInvis .    r - +1 dagger (flame)
rCold   + . .      Faith    +    (no shield)
rNeg    + + +      Spirit   .    k - +0 leather armour
rPois   ∞          Reflect  .    (no helmet)
rElec   .          Rampage  .    (no cloak)
rCorr   .                        (no gloves)
Will    .....                    s - +0 pair of boots
Stlth   ++                       (no amulet)
HPRegen 0.25/turn                d - ring of wizardry
MPRegen 0.13/turn                h - +6 ring of dexterity

@: no status effects
A: cold resistance 1, negative energy resistance 3, torment resistance 2, heat
vulnerability 1, in touch with death 1, no potions, faith
a: no special abilities


You were on level 4 of the Dungeon.
You visited 1 branch of the dungeon, and saw 4 of its levels.

You collected 174 gold pieces.

Inventory:

Hand Weapons
 e - a +0 spear of freezing
 r - a +1 dagger of flaming (weapon)
Missiles
 c - 35 stones
 p - 3 boomerangs
 u - 8 poisoned darts
Armour
 a - a +0 robe
 k - a +0 leather armour (worn)
 s - a +0 pair of boots (worn)
Magical Staves
 l - a staff of fire
Jewellery
 d - a ring of wizardry (left hand)
 h - a +6 ring of dexterity (right hand)
 j - a +4 ring of protection
Wands
 o - a wand of polymorph (8)
 t - a wand of roots (9)
Scrolls
 b - a scroll of fear {unknown}
 f - 2 scrolls of poison {unknown}
 g - a scroll of enchant weapon {unknown}
 i - a scroll of blinking {unknown}
 m - a scroll of teleportation {unknown}
 n - a scroll of immolation {unknown}
 q - 3 scrolls of identify {unknown}
 v - a scroll of fog {unknown}


   Skills:
 - Level 1.5 Dodging
 - Level 1.5 Stealth
 + Level 5.2 Spellcasting
 + Level 5.5 Necromancy


You had one spell level left.
You knew the following spells:

 Your Spells              Type           Power      Damage    Failure   Level
a - Necrotise             Necr           100%       1d9       1%          1
b - Vampiric Draining     Necr           34%        2d8       2%          3
c - Animate Dead          Necr           34%        N/A       8%          4
d - Agony                 Necr           34%        N/A       21%         5

Your spell library contained the following spells:

 Spells                   Type           Power      Damage    Failure   Level


Dungeon Overview and Level Annotations

Branches:
Dungeon (4/15)
 Temple: D:4-7

Altars:

Shops:
D:2 (   D:3 [


Innate Abilities, Weirdness & Mutations

You are immune to poison.
Your flesh is cold resistant. (rC+)
You are immune to negative energy. (rN+++)
You are immune to unholy pain and torment.
You are vulnerable to heat. (rF-)
You are in touch with the powers of death.
You do not drink.
You have a special connection with the divine. (Faith)


Message History

You hit the phantom. You burn the phantom.
The phantom is heavily damaged.
The phantom hits you!
The phantom blinks!
You blink.
You completely miss the phantom.
The phantom is heavily damaged.
Your hobgoblin skeleton crumbles into dust!
The phantom hits you.
* * * LOW HITPOINT WARNING * * *
The phantom blinks!
You blink.
You hit the phantom but do no damage. Your punch misses the phantom.
The phantom is heavily damaged.
The phantom hits you.
* * * LOW HITPOINT WARNING * * *
The phantom blinks!
You blink.
You miss the phantom.
The phantom is heavily damaged.
The phantom hits you.
* * * LOW HITPOINT WARNING * * *
You miss the phantom.
The phantom is heavily damaged.
The phantom misses you.
Casting: Necrotise (safe; 1% risk of failure)
Confirm with . or Enter, or press ? or * to list all spells.
Okay, then.
Unknown command.
You can't drink.
Unknown command.
Okay, then.
Unknown command.
You hit the phantom. You burn the phantom.
The phantom is heavily damaged.
The phantom barely misses you.
You miss the phantom.
The phantom is heavily damaged.
The phantom hits you.
* * * LOW HITPOINT WARNING * * *
The phantom blinks!
You blink.
The phantom attacks as you move away! The phantom misses you.
The phantom attacks as you move away! The phantom hits you!
You die...

##.....##.....##
############## ##
######### ..#
#.......#
##.###.......#########
....[........##......#
.............##......#
.............##......#
.............##.@....#
.........######W.....#
........)...#....#.###
...#..........#<...#
##........#......####
##.#................#
......#.#...........#
....###.............#
#######.#.........§§#


You could see a phantom.

Vanquished Creatures
  A scorpion (D:3)
  A hound (D:4)
  A worm (D:3)
  3 dart slugs
  3 orcs (D:3)
  5 bats
  7 endoplasms
  A giant cockroach (D:4)
  6 goblins
  8 hobgoblins
  3 quokkas (D:4)
  11 ball pythons
  2 frilled lizards (D:1)
  7 kobolds
  4 rats
63 creatures vanquished.

Vanquished Creatures (collateral kills)
  A dart slug (D:1)
  A bat (D:1)
  A quokka (D:1)
3 creatures vanquished.

Grand Total: 66 creatures vanquished

Notes
Turn   | Place    | Note
-------+----------+-------------------------------------------
     0 | D:1      | FexLirch the Mummy Necromancer began the quest for the Orb.
     0 | D:1      | Reached XP level 1. HP: 13/13 MP: 4/4
   222 | D:1      | Reached XP level 2. HP: 19/19 MP: 1/6
  1029 | D:1      | Gained mutation: You are in touch with the powers of death.
                  | [Mummy growth]
  1029 | D:1      | Reached XP level 3. HP: 24/24 MP: 4/8
  1181 | D:1      | Found a faded altar of an unknown god.
  1186 | D:1      | You fall into a shaft and drop 1 floor!
  1248 | D:2      | Found Hese Xaa's Antique Weapon Shoppe.
  1427 | D:3      | Found Runar's Armour Shop.
  1521 | D:3      | Noticed a scorpion
  1543 | D:3      | Killed a scorpion
  1544 | D:3      | Reached skill level 5 in Necromancy
  1544 | D:3      | Reached XP level 4. HP: 20/30 MP: 2/10
  2256 | D:4      | Reached XP level 5. HP: 35/35 MP: 9/12
  2306 | D:4      | Learned a level 3 spell: Vampiric Draining
  2318 | D:4      | Reached skill level 5 in Spellcasting
  2323 | D:4      | Learned a level 4 spell: Animate Dead
  2329 | D:4      | Learned a level 5 spell: Agony
  2434 | D:4      | Noticed a phantom
  2456 | D:4      | HP: 1/35 [phantom (3)]
  2458 | D:4      | Mangled by a phantom

Illustrated notes

Levels and vault maps discovered:
D:1:      amcnicky_arrival_abandoned_market, layout_loops_ring,
          hellmonk_ecumenical_altar_leap_of_faith, dk_noncrumbling_4,
          minmay_tetromino_o2
D:2:      layout_basic, serial_shops, nicolae_shop_stone, uniq_terence,
          uniq_natasha, uniq_sigmund
D:3:      layout_basic, serial_shops, shop, kennysheep_path_1,
          hangedman_decor_push, minmay_starry_boxes, uniq_grinder, uniq_robin
D:4:      layout_rooms, minmay_temple_entry_nine_rooms,
          hangedman_abyss_or_decor_passed

Skill      XL: |  1  2  3  4  5 |
---------------+----------------+-----
Spellcasting   | 3 4 5 |  5.2
Necromancy     | 5 |  5.5
Dodging        | |  1.5
Stealth        | |  1.5

Action                     |  1- 3 |  4- 6 || total
---------------------------+-------+-------++-------
  Melee: Unarmed           |     4 |       ||     4
         Spear             |    10 |    13 ||    23
         Dagger            |       |     8 ||     8
   Cast: Necrotise         |    70 |    57 ||   127
 Armour: Robe              |     4 |       ||     4
         Leather armour    |     7 |     3 ||    10
  Dodge: Dodged            |    20 |    14 ||    34

Table legend: (Time is in decaauts)
 A = Elapsed time spent in this place.
 B = Non-inter-level travel time spent in this place.
 C = Inter-level travel time spent in this place.
 D = Time resting spent in this place.
 E = Time spent auto-exploring this place.
 F = Levels seen in this place.
 G = Mean time per level.
                   A        B        C        D        E       F      G
               +--------+--------+--------+--------+--------+-----+--------+
         Total |   2457 |   2365 |     92 |     32 |   1741 |   4 |  614.2 |
       Dungeon |   2457 |   2365 |     92 |     32 |   1741 |   4 |  614.2 |
               +--------+--------+--------+--------+--------+-----+--------+

Top non-repeatable levels by time:
     D:1: 1185 daAuts
     D:3: 900 daAuts
     D:4: 274 daAuts
     D:2: 97 daAuts
